AoeStats
← 𝖎𝖈𝖊 𝖍𝖔𝖙

Fortress

510073800Analyzed
4v4 RM · 4d ago on Sep 29, 2026· 124m 15s· 8 players
Game mode
Random Map
Map size
Huge
Population
200
Speed
Normal
Resources
Standard
Victory
Conquest
Starting age
Dark Age
Ending age
Imperial Age
RankedLock teamsTeams togetherTeam positionsShared explorationLock speedFull tech treeHidden civsTurbo modeCheats
Victory
Defeat
🇧🇷 Japanese · Brazil
833
+5
🇹🇼 Saracens · Taiwan
753
+6
🇸🇪 Burmese · Sweden
647
+9
🇬🇧 Aztecs · United Kingdom
369
+20
🇩🇪 Turks · Germany
539
-12
🇪🇸 Britons · Spain
503
-10
489
-9
🇨🇱 Vikings · Chile
489
-9
𝖎𝖈𝖊 𝖍𝖔𝖙
3:01 Loom
7:02 Feudal Age
7:27 Double-Bit Axe
7:35 Gold Mining
7:29 Horse Collar
7:36 Man-at-Arms
10:19 Arson
12:38 Scale Mail Armor
12:49 Forging
12:33 Fletching
13:43 Stone Mining
19:02 Castle Age
17:07 Padded Archer Armor
20:47 Bow Saw
20:39 Heavy Plow
21:18 Stone Shaft Mining
22:45 Caravan
23:17 Coinage
24:10 Chain Mail Armor
23:45 Gambesons
23:31 Long Swordsman
24:35 Pikeman
25:35 Circumnavigation
27:19 Wheelbarrow
26:34 Town Watch
27:05 Treadmill Crane
28:31 Guard Tower
28:39 Murder Holes
28:44 Bodkin Arrow
33:54 Imperial Age
33:46 Leather Archer Armor
34:08 Iron Casting
34:44 Fortified Wall
35:37 Chemistry
34:58 Ballistics
34:50 Masonry
34:12 Crossbowman
34:15 Elite Skirmisher
36:19 Two-Man Saw
37:04 Two-Handed Swordsman
37:07 Halberdier
38:05 Bracer
38:46 Crop Rotation
39:40 Ring Archer Armor
39:34 Arbalester
40:54 Conscription
41:22 Thumb Ring
42:16 Champion
59:33 Elite Organ Gun
78:37 Guilds
83:02 Arquebus
114:16 Capped Ram
Belay
0:35 Loom
13:30 Feudal Age
15:36 Double-Bit Axe
15:34 Horse Collar
16:37 Town Watch
17:27 Wheelbarrow
18:31 Forging
18:21 Scale Mail Armor
18:27 Scale Barding Armor
18:13 Fletching
18:23 Padded Archer Armor
21:20 Castle Age
21:54 Pikeman
22:35 Squires
22:21 Arson
22:21 Gambesons
22:40 Heavy Plow
22:56 Bow Saw
26:06 Gold Mining
26:07 Stone Mining
35:23 Leather Archer Armor
35:04 Bodkin Arrow
37:22 Ballistics
37:06 Town Patrol
37:24 Hand Cart
37:37 Caravan
40:11 Imperial Age
37:57 Murder Holes
38:13 Fortified Wall
38:14 Masonry
37:48 Treadmill Crane
40:25 Capped Ram
40:39 Elite Longbowman
41:39 Conscription
41:20 Warwolf
42:50 Chemistry
41:38 Arrowslits
42:25 Architecture
42:30 Ring Archer Armor
42:00 Bracer
44:42 Halberdier
58:14 Yeomen
74:50 Light Cavalry
75:31 Husbandry
81:15 Cavalier
105:08 Chain Barding Armor
105:05 Chain Mail Armor
105:25 Iron Casting
116:51 Elite Skirmisher
maximo.cmd
1:49 Loom
10:01 Feudal Age
10:26 Horse Collar
10:54 Man-at-Arms
11:20 Arson
13:15 Double-Bit Axe
13:26 Gold Mining
14:11 Stone Mining
25:41 Castle Age
29:38 Imperial Age
28:41 Crossbowman
29:46 Heavy Plow
33:13 Bow Saw
32:59 Arbalester
36:04 Pikeman
36:44 Squires
36:05 Long Swordsman
42:57 Forging
42:47 Scale Mail Armor
42:48 Padded Archer Armor
42:39 Fletching
45:13 Two-Handed Swordsman
45:44 Elite Skirmisher
49:37 Iron Casting
49:17 Chain Mail Armor
49:18 Leather Archer Armor
48:58 Bodkin Arrow
53:25 Two-Man Saw
54:08 Plate Mail Armor
54:09 Ring Archer Armor
54:40 Blast Furnace
53:26 Onager
95:40 Crop Rotation
Jona
7:57 Feudal Age
8:23 Double-Bit Axe
11:22 Gold Mining
14:48 Castle Age
15:44 Bow Saw
24:34 Gold Shaft Mining
30:22 Imperial Age
29:20 Caravan
30:06 Sipahi
32:41 Two-Man Saw
34:05 Elite Janissary
36:57 Conscription
39:23 Ballistics
42:53 Fletching
43:06 Padded Archer Armor
43:08 Stone Mining
Lunkan
8:01 Feudal Age
8:40 Horse Collar
14:12 Castle Age
12:18 Fletching
12:29 Padded Archer Armor
19:49 Fervor
22:57 Imperial Age
21:06 Wheelbarrow
20:16 Town Watch
21:22 Bodkin Arrow
25:16 Heavy Plow
26:13 Hand Cart
25:58 Town Patrol
25:46 Loom
26:45 Crop Rotation
26:55 Forging
26:50 Scale Barding Armor
26:47 Bracer
26:49 Scale Mail Armor
28:15 Conscription
29:02 Elite Arambai
31:41 Iron Casting
31:27 Chain Barding Armor
33:26 Blast Furnace
32:44 Chain Mail Armor
33:41 Howdah
33:45 Manipur Cavalry
36:46 Plate Barding Armor
36:43 Plate Mail Armor
38:09 Ballistics
38:50 Chemistry
37:50 Murder Holes
39:33 Caravan
41:14 Husbandry
40:35 Elite Battle Elephant
43:29 Gold Mining
ten7728
0:40 Loom
9:06 Feudal Age
16:01 Castle Age
14:38 Double-Bit Axe
16:49 Bloodlines
16:22 Horse Collar
17:30 Bow Saw
23:54 Town Watch
25:47 Wheelbarrow
26:45 Heavy Plow
31:06 Imperial Age
28:40 Husbandry
29:12 Sanctity
29:02 Gold Mining
29:03 Stone Mining
30:20 Scale Barding Armor
31:21 Sanctity
31:21 Caravan
32:13 Hand Cart
33:00 Two-Man Saw
32:13 Masonry
33:08 Fletching
34:30 Gold Shaft Mining
36:31 Chain Barding Armor
36:08 Light Cavalry
38:37 Plate Barding Armor
39:23 Forging
39:43 Conscription
39:32 Bodkin Arrow
39:38 Padded Archer Armor
39:38 Elite Skirmisher
41:29 Bracer
41:46 Leather Archer Armor
42:07 Ballistics
42:04 Town Patrol
43:49 Ring Archer Armor
44:23 Chemistry
43:49 Bimaristan
46:03 Iron Casting
48:59 Blast Furnace
48:42 Thumb Ring
48:30 Hussar
50:11 Counterweights
51:55 Heavy Camel Rider
60:03 Murder Holes
61:37 Fortified Wall
68:02 Fervor
69:07 Hoardings
75:15 Siege Engineers
78:41 Scale Mail Armor
80:26 Chain Mail Armor
88:48 Plate Mail Armor
110:29 Redemption
carlosauberto
0:30 Loom
6:48 Feudal Age
8:20 Wheelbarrow
7:44 Double-Bit Axe
7:43 Horse Collar
15:23 Fletching
15:34 Padded Archer Armor
18:00 Castle Age
16:30 Scale Mail Armor
17:27 Scale Barding Armor
17:34 Forging
19:27 Hand Cart
21:15 Heavy Plow
25:19 Bow Saw
26:55 Caravan
27:10 Murder Holes
34:11 Imperial Age
34:40 Elite Samurai
35:21 Yasama
35:41 Kataparuto
34:56 Onager
34:57 Heavy Scorpion
36:18 Bodkin Arrow
36:38 Leather Archer Armor
36:33 Forging
38:48 Hoardings
41:57 Chemistry
41:09 Fortified Wall
45:07 Iron Casting
44:47 Chain Mail Armor
44:31 Gold Mining
44:31 Stone Mining
45:45 Two-Man Saw
48:35 Ring Archer Armor
48:05 Bracer
66:40 Capped Ram
68:01 Elite Skirmisher
83:37 Ballistics
83:03 Arrowslits
83:08 Guard Tower
82:59 Treadmill Crane
85:50 Pikeman
86:30 Squires
86:16 Arson
86:55 Halberdier
98:04 Chain Barding Armor
98:00 Chain Mail Armor
98:45 Blast Furnace
98:01 Chain Mail Armor
98:48 Blast Furnace
98:26 Keep
97:57 Siege Engineers
98:02 Masonry
98:03 Careening
102:57 Clinker Construction
107:50 Plate Mail Armor
111:02 Town Watch
113:41 Fervor
113:32 Atonement
113:47 Block Printing
113:57 Illumination
113:33 Devotion
113:53 Sanctity
113:29 Herbal Medicine
117:50 Theocracy
[PoGS] Khelben Waterdeep
Connection lost

Rejoining the realm…

Still unreachable

The connection could not be restored.

Session expired

The server has moved on; the page needs a fresh start.